 Dungeon Crawl Stone Soup version 0.19.0-11-g3fc08b3 (webtiles) character file.

347 Haldmier the Chiller (level 6, 0/36 HPs)
             Began as a High Elf Ice Elementalist on Nov 8, 2016.
             Was an Initiate of Ashenzari.
             Slain by a worm (10 damage)
             ... on level 5 of the Dungeon.
             The game lasted 00:18:25 (3700 turns).

Haldmier the Chiller (High Elf Ice Elementalist)    Turns: 3700, Time: 00:18:26

Health: 0/36       AC: 14    Str:  9    XL:     6   Next: 32%
Magic:  4/10       EV: 13    Int: 20    God:    Ashenzari [......]
Gold:   200        SH:  0    Dex: 15    Spells: 3 memorised, 3 levels left

rFire  . . .     SeeInvis .     C - -3 blowgun (curse)
rCold  . . .     Gourm    .     i - +0 robe (curse)
rNeg   . . .     Faith    .     (no shield)
rPois  .         Spirit   .     h - +1 helmet
rElec  .         Reflect  .     z - +0 cloak
rCorr  .         Harm     .     (no gloves)
MR     .....                    l - +0 pair of boots
Stlth  ++........               A - amulet of magic regeneration
                                F - +2 ring of protection
                                r - -4 ring of slaying (curse)

@: icy armour, slow
A: no striking features
a: Curse Item, Renounce Religion


You were on level 5 of the Dungeon.
You worshipped Ashenzari.
Ashenzari was noncommittal.
You were not hungry.

You visited 2 branches of the dungeon, and saw 6 of its levels.

You collected 200 gold pieces.

Inventory:

Hand Weapons
 a - a +0 long sword
 b - a +0 hunting sling
 j - a +0 falchion
 y - a +3 quarterstaff of chaos
 C - a cursed -3 blowgun (weapon)
 E - a +0 mace of protection
Missiles
 g - 130 stones
 w - 16 sling bullets
 D - 6 poisoned needles (quivered)
Armour
 e - a +0 leather armour
 f - a +0 ring mail
 h - a +1 helmet (worn)
 i - a cursed +0 robe (worn)
 l - a +0 pair of boots (worn)
 z - a +0 cloak (worn)
 B - a +0 robe
Jewellery
 r - a cursed -4 ring of slaying (left hand)
 A - an amulet of magic regeneration (around neck)
 F - a +2 ring of protection (right hand)
Potions
 d - 3 potions of curing
 k - a potion of ambrosia {unknown}
 m - a potion of cure mutation {unknown}
 n - a potion of agility {unknown}
 o - 3 potions of cancellation {unknown}
 p - a potion of magic {unknown}
Books
 t - a book of Frost

   Spells                             Type                      Level
   a - Freeze                         Ice                          1
   b - Throw Frost                    Conjuration/Ice              2
   c - Ozocubu's Armour               Charms/Ice                   3
   d - Throw Icicle                   Conjuration/Ice              4
   e - Summon Ice Beast               Ice/Summoning                4
Comestibles
 c - 2 bread rations
 q - a slice of pizza
 u - 4 fruits
 v - 2 meat rations


   Skills:
 - Level 2.1 Dodging
 - Level 2.1 Stealth
 + Level 2.4 Spellcasting
 - Level 1.1 Conjurations
 + Level 3.7 Charms
 * Level 6.3 Ice Magic


You had 3 spell levels left.
You knew the following spells:

 Your Spells              Type           Power        Failure   Level  Hunger
a - Freeze                Ice            ####         1%          1    #......
b - Throw Frost           Conj/Ice       ###...       6%          2    ##.....
c - Ozocubu's Armour      Chrm/Ice       ###.....     8%          3    ###....


Dungeon Overview and Level Annotations

Branches:
Dungeon (5/15)             Temple (1/1) D:4

Altars:
Ashenzari
Cheibriados
Elyvilon
Fedhas
Gozag
Hepliaklqana
Kikubaaqudgha
Makhleb
Nemelex Xobeh
Okawaru
Qazlal
Ru
Sif Muna
Trog
Uskayaw
Vehumet
Xom
Zin

Annotations:
D:3 2 Scrolls behind Grate


Message History

The shadow imp shouts, "Decamp, thou odious weeb-spouting joithead!"
The jackal bites you but does no damage.
As you read the scroll of fear, it crumbles to dust.
You assume a fearsome visage.
The shadow imp is unaffected. x2
The jackal looks frightened! x2; The hound looks frightened!
The shadow imp misses you. The shadow imp completely misses you.
The shadow imp hits you but does no damage.
The shadow imp gestures at you. Pain shoots through your body!
* * * LOW HITPOINT WARNING * * *
The shadow imp hits you but does no damage.
Cornered, the jackal turns to fight!
The jackal barely misses you. The jackal barely misses you.
The jackal closely misses you. The jackal barely misses you.
A worm comes into view.
The worm bites you!
You die...

.. ... .. ###
#.# :. #.#
###..# ..
#######.####...#
..
h......h...h.#
..
#######...###5.#
.. #........##
#..# ##
.#####..####h.#
#.###w@.$#
###.##.....#
#...##.#####
##..##...#
>......<.#
.......!.#
.........#
..........#
....?.....


You could see a worm, a shadow imp and 2 jackals.

Vanquished Creatures
  A sky beast (D:5)
  A hound (D:4)
  Crazy Yiuf (D:3)
  Terence (D:2)
  A worker ant (D:4)
  6 adders
  3 oozes
  4 worms
  2 dart slugs
  3 leopard geckos
  2 orcs
  8 bats
  3 giant cockroaches
  8 goblins
  3 hobgoblins (D:3)
  4 jackals
  9 kobolds
  2 quokkas
  A ball python (D:3)
  6 frilled lizards
  5 rats
74 creatures vanquished.

Notes
Turn   | Place    | Note
-------+----------+-------------------------------------------
     0 | D:1      | Haldmier the High Elf Ice Elementalist began the quest for the Orb.
     0 | D:1      | Reached XP level 1. HP: 11/11 MP: 4/4
   385 | D:1      | Reached XP level 2. HP: 17/17 MP: 3/6
   980 | D:2      | Reached skill level 4 in Ice Magic
  1075 | D:2      | Found a faded altar of an unknown god.
  1124 | D:2      | Reached XP level 3. HP: 21/21 MP: 5/7
  1196 | D:2      | Learned a level 2 spell: Throw Frost
  1200 | D:2      | Learned a level 3 spell: Ozocubu's Armour
  1532 | D:2      | Noticed Terence
  1571 | D:2      | Killed Terence
  1571 | D:2      | Reached skill level 1 in Charms
  1571 | D:2      | Reached XP level 4. HP: 20/27 MP: 0/8
  2395 | D:3      | Reached skill level 5 in Ice Magic
  2691 | D:3      | Found a glowing silver altar of Zin.
  2720 | D:3      | Found a runed door.
  2724 | D:3      | Noticed Crazy Yiuf
  2730 | D:3      | Killed Crazy Yiuf
  2730 | D:3      | Reached XP level 5. HP: 23/31 MP: 4/9
  2838 | D:3      | Found a hide-covered altar of Uskayaw.
  2851 | D:3      | Found a sparkling altar of Nemelex Xobeh.
  2851 | D:3      | Found a blossoming altar of Fedhas.
  2873 | D:3      | Found an opulent altar of Gozag.
  2876 | D:3      | Found a snail-covered altar of Cheibriados.
  3160 | D:4      | Found a staircase to the Ecumenical Temple.
  3172 | Temple   | Entered the Ecumenical Temple
  3176 | Temple   | Became a worshipper of Ashenzari the Shackled
  3428 | D:5      | Entered Level 5 of the Dungeon
  3428 | D:5      | Noticed a sky beast
  3435 | D:5      | Killed a sky beast
  3435 | D:5      | Reached skill level 6 in Ice Magic
  3435 | D:5      | Reached XP level 6. HP: 19/36 MP: 4/10
  3666 | D:5      | Noticed a sky beast
  3700 | D:5      | Slain by a worm

Skill      XL: |  1  2  3  4  5 |
---------------+----------------+-----
Ice Magic      | 4 5 6 |  6.3
Charms         | 1 2 3 |  3.7
Dodging        | |  2.1
Stealth        | |  2.1
Spellcasting   | |  2.4
Conjurations   | |  1.1

Action                   |  1- 3 |  4- 6 || total
-------------------------+-------+-------++-------
 Fire: Hunting sling     |    40 |    12 ||    52
 Cast: Freeze            |    48 |    98 ||   146
       Ozocubu's Armour  |     1 |     3 ||     4
  Use: Scroll            |       |     5 ||     5
  Eat: Chunk             |     2 |     7 ||     9
Armor: Robe              |     9 |    34 ||    43
Dodge: Dodged            |    27 |    82 ||   109
